 Dungeon Crawl Stone Soup version 0.22.0-27-ga576289 (webtiles) character file.

170310 kuniqs the Severer (level 17, -25/178 HPs)
             Began as a Hill Orc Gladiator on Aug 22, 2018.
             Was the Champion of the Shining One.
             Killed from afar by a Hell Sentinel (26 damage)
             ... with an iron shot
             ... on level 1 of the Abyss.
             The game lasted 00:46:44 (23528 turns).

kuniqs the Severer (Hill Orc Gladiator)            Turns: 23528, Time: 00:46:45

Health: -25/178    AC: 29    Str: 22    XL:     17   Next: 99%
Magic:  10/30      EV: 12    Int:  8    God:    the Shining One [******]
Gold:   547        SH:  0    Dex: 12    Spells: 16/16 levels left

rFire    . . .     SeeInvis .   z - +9 battleaxe (holy)
rCold    . . .     Gourm    .   (shield currently unavailable)
rNeg     + + +     Faith    +   c - +4 chain mail
rPois    +         Spirit   .   C - +2 hat
rElec    .         Reflect  .   I - +0 cloak {rPois}
rCorr    .         Harm     .   O - +2 pair of gloves
MR       +++..                  p - +2 pair of boots {Fly}
Stlth    ..........             J - amulet of faith
HPRegen  0.39/turn              Q - ring of protection from magic
MPRegen  0.22/turn              H - ring of protection from magic

@: glowing
A: robust 1, weak 1
a: Divine Shield, Cleansing Flame, Summon Divine Warrior, Renounce Religion,
Evoke Flight


You were on level 1 of the Abyss.
You worshipped the Shining One.
The Shining One was exalted by your worship.
You were very hungry.

You visited 2 branches of the dungeon, and saw 16 of its levels.
You visited the Abyss 2 times.
You also visited: Ossuary.

You collected 1821 gold pieces.
You spent 1274 gold pieces at shops.

Inventory:

Hand Weapons
 m - a +4 scimitar of flaming
 z - a +9 battleaxe of holy wrath (weapon)
Missiles
 d - 5 throwing nets (quivered)
 n - 4 poisoned tomahawks
Armour
 c - a +4 chain mail (worn)
 p - a +2 pair of boots of flying (worn)
 C - a +2 hat (worn)
 E - a +1 cloak of invisibility
 I - a +0 cloak of poison resistance (worn)
 O - a +2 pair of gloves (worn)
Magical Staves
 K - an uncursed staff of air
Jewellery
 g - an uncursed ring of resist corrosion
 r - an uncursed ring of protection from cold
 H - a ring of protection from magic (right hand)
 J - an amulet of faith (around neck)
 Q - a ring of protection from magic (left hand)
Wands
 e - a wand of flame (51)
 l - a wand of scattershot (3)
 o - a wand of disintegration (7)
 F - a wand of paralysis (17)
 N - a wand of enslavement (14)
Scrolls
 b - 8 scrolls of teleportation
 h - 2 scrolls of enchant armour
 u - 2 scrolls of magic mapping
 x - 2 scrolls of remove curse {@r2}
 y - 4 scrolls of fog
 B - a scroll of blinking
 D - 3 scrolls of fear
 G - 3 scrolls of immolation
 L - a scroll of random uselessness {unknown}
Potions
 a - a potion of resistance
 i - 2 potions of cancellation
 q - 4 potions of might
 s - a potion of lignification
 t - 3 potions of haste
 v - 4 potions of mutation
 A - a potion of agility
Miscellaneous
 k - a box of beasts
Comestibles
 f - 24 rations


   Skills:
 + Level 17.5 Fighting
 + Level 19.0 Axes
 - Level 1.7 Throwing
 + Level 16.1 Armour
 + Level 8.2 Dodging
 + Level 18.1 Invocations
 - Level 5.0 Evocations


You had 16 spell levels left.
You didn't know any spells.
Your spell library was empty.

Dungeon Overview and Level Annotations

Branches:
Dungeon (15/15)            Temple (0/1) D:6            Lair (0/6) D:8
    Orc (0/2) D:9          Vaults (0/5) D:14         Depths (1/5) D:15

Altars:
Cheibriados
Kikubaaqudgha
Makhleb
Nemelex Xobeh
Qazlal
Vehumet
Xom
The Shining One
Beogh

Shops:
D:7 [*%**   D:11 [*(   D:14 ((

Portals:
Abyss: Depths:1

Annotations:
D:8 3 runed doors, skk's ghost, novice TeGl
D:11 3 runed doors, EnegeticOcto's ghost, journeyman MiBe
Depths:1 the Enchantress


Innate Abilities, Weirdness & Mutations

You are robust. (+10% HP)
You are weak. (Str -2)


Message History

Tha gold'n flame 'ngulfs ye!
Ye resist.
Tha gold'n flame 'ngulfs tha Hell Sentinel.
Tha Hell Sentinel writhas in agony!
Tha gold'n flame 'ngulfs yer daeva.
Yer daeva completely resists.
Ye feel somewhat more hungry.
Ye hear a roar!
Tha Hell Sentinel gestures at ye.
Tha sphere o' damnation 'splodes!
Tha damnation 'ngulfs ye!
* * * LOW HITPOINT WARNIN'
* * * Tha damnation 'ngulfs tha Hell Sentinel.
Tha Hell Sentinel completely resists.
Yer daeva hits tha Hell Sentinel but does nay damage. x2
Tha gold'n flame 'ngulfs ye!
Ye resist.
Tha gold'n flame 'ngulfs tha Hell Sentinel.
Tha Hell Sentinel writhas in agony!
Tha gold'n flame 'ngulfs yer daeva.
Yer daeva completely resists.
Ye be feelin' very hungry.
Tha Hell Sentinel gestures at ye.
Tha iron shot hits ye!
Ye die...

.# .. # # .
.. ..# . § #
# #..# . # .
# # # #..
### # § #
...##.## . .
#..##.# .
#..#.###
#.A#)# ..
###1@#
#........# #
#.#...#.....
#..#>..#
..## ...
)..#. ...
#..#..#...#
.#
......#.#.#
# #.#.###. #
# .


You could see a Hell Sentinel and a friendly daeva.

Vanquished Creatures
  2 bone dragons
  A hellephant (Abyss:3)
  Rupert (D:12)
  A lich (Abyss:3)
  11 tentacled starspawn
  An Executioner (Abyss:3)
  2 balrugs (Abyss:1)
  A spriggan defender (Depths:1)
  A draconian stormcaller (Abyss:1)
  An ophan (Abyss:1)
  3 very ugly things
  A vampire knight (Depths:1)
  A lorocyproca (Abyss:1)
  Azrael (D:12)
  A blizzard demon (Abyss:1)
  2 merfolk javelineers
  2 fire dragons (D:15)
  7 slime creatures
  3 vault guards (D:14)
  A great orb of eyes (Abyss:3)
  A spriggan air mage (Depths:1)
  A hydra (D:14)
  7 centaur warriors
  5 two-headed ogres
  A satyr (Abyss:3)
  2 tengu warriors
  A queen ant (shapeshifter) (D:15)
  6 thrashing horrors
  A vampire mage (Abyss:1)
  A sun demon (Abyss:1)
  A spatial maelstrom (Abyss:1)
  9 wretched stars
  5 skeletal warriors (D:14)
  A sixfirhy (Abyss:1)
  A shadow wraith (Abyss:1)
  2 storm dragon zombies (Abyss:1)
  2 wizards
  A swamp dragon (Abyss:3)
  2 unseen horrors
  36 starcursed masses
  An orc knight (D:15)
  Pikel (D:4)
  20 ugly things
  An orb spider (Abyss:1)
  2 phantasmal warriors (Depths:1)
  3 cyclopes
  A mana viper (Abyss:3)
  A deep elf mage (D:13)
  3 manticores
  3 worldbinders (Abyss:1)
  Joseph (D:9)
  5 centaur zombies
  A black mamba (shapeshifter) (D:15)
  11 smoke demons
  An apocalypse crab (Abyss:1)
  3 gargoyles
  3 orange demons
  4 centaur skeletons
  3 efreet
  A kobold demonologist (D:11)
  3 freezing wraiths
  4 komodo dragons
  6 ancient zymes
  A hellwing (Abyss:3)
  A hydra zombie (Abyss:1)
  A red devil (Abyss:1)
  A queen bee (shapeshifter) (D:15)
  4 trolls
  A silent spectre (Abyss:1)
  Prince Ribbit (D:7)
  3 hornets
  2 tyrant leeches (Abyss:3)
  4 hippogriffs
  An ice dragon zombie (Abyss:3)
  9 raiju
  4 flying skulls (Abyss:1)
  2 meliai zombies
  6 ynoxinuls
  A wyvern (D:8)
  3 fire elementals (D:12)
  4 fire bats
  A water elemental (Depths:1)
  A basilisk (D:11)
  5 yaks (D:11)
  A vampire (D:13)
  4 neqoxecs
  2 golden eyes (Abyss:1)
  3 hungry ghosts
  5 wraiths
  2 vampire mosquitoes (D:14)
  9 chaos spawn
  3 wargs (D:8)
  3 acid dragons
  27 large abominations
  A water moccasin (D:6)
  3 hell hounds (D:12)
  Duvessa (D:4)
  A sky beast (D:13)
  2 ice beasts
  2 necrophages
  An eye of draining (Abyss:1)
  A hornet zombie (D:13)
  13 orc warriors
  5 ogres
  23 centaurs
  A crocodile (D:15)
  4 big kobolds (D:11)
  8 bullfrogs
  An earth elemental (Abyss:1)
  A wyvern zombie (D:12)
  A water moccasin zombie (D:5)
  3 scorpions
  A wyvern skeleton (D:8)
  A water moccasin skeleton (D:10)
  Dowan (D:4)
  7 killer bees
  8 wights
  2 crimson imps
  2 bullfrog zombies (D:7)
  4 quasits
  5 jellies
  13 orc priests
  A bullfrog skeleton (D:13)
  11 hounds
  5 iron imps (Abyss:1)
  3 iguanas
  23 orc wizards
  Natasha (thrice) (D:2)
  18 worker ants
  20 small abominations
  A big kobold zombie (Ossuary)
  2 hound zombies (D:7)
  A hound skeleton (D:4)
  9 mummies
  15 adders
  3 gnolls
  6 shadow imps
  14 white imps
  4 ufetubi
  3 adder skeletons
  5 worms
  5 leopard geckos
  42 orcs
  2 ball pythons
  8 giant cockroaches
  8 goblins
  12 hobgoblins
  7 jackals
  4 quokkas
  7 bats
  3 frilled lizards
  2 hobgoblin zombies (Ossuary)
  8 kobolds
  3 kobold zombies (Ossuary)
  2 leopard gecko skeletons
  4 orc zombies
  8 rats
  A lurking horror (Abyss:3)
  6 starspawn tentacles
722 creatures vanquished.

Vanquished Creatures (collateral kills)
  A bone dragon (Abyss:3)
  A tentacled monstrosity (Abyss:3)
  A lich (Abyss:3)
  An Executioner (Abyss:3)
  4 tentacled starspawn
  Frances (D:12)
  A daeva (Abyss:1)
  A deep elf elementalist (Abyss:3)
  A very ugly thing (Abyss:3)
  The ghost of Ijustatesigmund the Pandemonic, a journeyman DDFi of Makhleb (D:14)
  A black draconian (Abyss:3)
  A lorocyproca (Abyss:3)
  A vault guard (D:14)
  A hydra (D:14)
  A centaur warrior (D:14)
  5 thrashing horrors
  An orc high priest (D:14)
  8 large abominations
  6 wretched stars
  A flayed ghost (Abyss:3)
  A skeletal warrior (D:14)
  A glowing orange brain (Abyss:1)
  2 orc knights (D:14)
  An orange demon (Abyss:1)
  An apocalypse crab (Abyss:3)
  An efreet (Abyss:1)
  A kobold demonologist (Abyss:3)
  A smoke demon (Abyss:1)
  A hellwing (Abyss:3)
  2 red devils (Abyss:1)
  2 ancient zymes
  A tyrant leech (Abyss:3)
  6 raiju
  A blink frog (Abyss:3)
  A hippogriff (shapeshifter) (D:14)
  A flying skull (Abyss:1)
  2 small abominations (Abyss:3)
  13 starcursed masses
  A vampire (Abyss:3)
  A black mamba zombie (Abyss:3)
  4 ynoxinuls
  5 fire bats
  2 chaos spawn (Abyss:3)
  A neqoxec (Abyss:1)
  2 spatial vortices (Abyss:1)
  An acid dragon (D:12)
  A soldier ant (D:14)
  An orc warrior (D:14)
  A hornet zombie (D:14)
  10 centaurs
  A bullfrog (D:14)
  5 earth elementals
  2 iron imps (Abyss:1)
  2 orcs (D:14)
  3 starspawn tentacles
121 creatures vanquished.

Vanquished Creatures (others)
  An orc warlord (D:14)
  A vampire mosquito (D:15)
  An eye of draining (Abyss:3)
  A small abomination (Abyss:3)
  A worker ant (D:5)
  A lurking horror (Abyss:3)
  33 starspawn tentacles
39 creatures vanquished.

Grand Total: 882 creatures vanquished

Notes
Turn   | Place    | Note
-------+----------+-------------------------------------------
     0 | D:1      | kuniqs the Hill Orc Gladiator began the quest for the Orb.
     0 | D:1      | Reached XP level 1. HP: 18/18 MP: 1/1
   151 | D:1      | Reached XP level 2. HP: 25/25 MP: 2/2
   608 | D:2      | Reached skill level 1 in Armour
   615 | D:2      | Reached XP level 3. HP: 29/31 MP: 3/3
   752 | D:2      | Noticed Natasha
   760 | D:2      | Killed Natasha
   760 | D:2      | Reached XP level 4. HP: 22/38 MP: 4/4
  1271 | D:2      | Found a radiant altar of Vehumet.
  1272 | D:2      | Found a burning altar of Makhleb.
  1354 | D:2      | Noticed Natasha
  1383 | D:2      | HP: 1/38 [shadow imp[Natasha] (1)]
  1386 | D:2      | Killed Natasha
  1386 | D:2      | Reached skill level 5 in Axes
  1386 | D:2      | Reached XP level 5. HP: 35/46 MP: 5/5
  1429 | D:2      | Noticed Natasha
  1572 | D:2      | Found a sparkling altar of Nemelex Xobeh.
  1638 | D:2      | Killed Natasha
  2341 | D:3      | Found an ancient bone altar of Kikubaaqudgha.
  2745 | D:4      | Reached XP level 6. HP: 48/52 MP: 6/6
  2859 | D:4      | Found a sand-covered staircase.
  2875 | Ossuary  | Entered an ossuary
  3574 | D:4      | Noticed Dowan
  3574 | D:4      | Noticed Duvessa
  3611 | D:4      | Killed Dowan
  3611 | D:4      | Reached skill level 6 in Axes
  3886 | D:4      | Killed Duvessa
  3886 | D:4      | Reached XP level 7. HP: 59/60 MP: 7/7
  3964 | D:4      | Reached skill level 5 in Fighting
  4223 | D:4      | Noticed Pikel
  4248 | D:4      | Killed Pikel
  4248 | D:4      | Reached skill level 7 in Axes
  4248 | D:4      | Reached XP level 8. HP: 65/70 MP: 7/9
  4604 | D:5      | Entered Level 5 of the Dungeon
  4665 | D:5      | Found a glowing golden altar of the Shining One.
  4666 | D:5      | Found a stormy altar of Qazlal.
  4670 | D:5      | Became a worshipper of the Shining One
  4795 | D:5      | Reached skill level 1 in Invocations
  4967 | D:5      | Reached skill level 5 in Armour
  5339 | D:4      | Reached skill level 5 in Dodging
  5875 | D:6      | Reached XP level 9. HP: 75/78 MP: 11/11
  5960 | D:6      | Reached skill level 8 in Axes
  6035 | D:6      | Found a stormy altar of Qazlal.
  6132 | D:6      | Found a shimmering altar of Xom.
  6449 | D:6      | Found a staircase to the Ecumenical Temple.
  6470 | D:7      | Found Solae's General Store.
  6470 | D:7      | Found Dusywn's Armour Boutique.
  6470 | D:7      | Found Ohepootza's Food Shoppe.
  6470 | D:7      | Noticed Prince Ribbit
  6473 | D:7      | Killed Prince Ribbit
  6491 | D:7      | Reached * piety under the Shining One
  6496 | D:7      | Noticed a two-headed ogre
  6653 | D:7      | Found Pasarhid's Assorted Antiques.
  6825 | D:7      | Bought a +1 cloak of invisibility for 231 gold pieces
  6862 | D:7      | Killed a two-headed ogre
  6862 | D:7      | Reached skill level 9 in Axes
  6862 | D:7      | Reached skill level 5 in Invocations
  6862 | D:7      | Reached XP level 10. HP: 38/86 MP: 13/13
  7227 | D:7      | Bought a fuming red potion for 21 gold pieces
  7227 | D:7      | Bought a grey potion for 21 gold pieces
  7227 | D:7      | Bought a fuming red potion for 21 gold pieces
  7227 | D:7      | Bought a potion of curing for 72 gold pieces
  7253 | D:7      | Found Benatir's Assorted Antiques.
  7256 | D:7      | Bought a runed fluorescent wand for 116 gold pieces
  7256 | D:7      | Bought a scroll labeled RUABRI CITWET for 29 gold pieces
  7301 | D:7      | Reached ** piety under the Shining One
  7617 | D:8      | Reached skill level 5 in Evocations
  7819 | D:8      | Found a staircase to the Lair.
  7836 | D:8      | HP: 4/88 [orc priest/divine providence (11)]
  7837 | D:8      | Noticed a two-headed ogre
  8822 | D:8      | Found a runed gate.
  8823 | D:8      | Found a runed gate.
  8824 | D:8      | Found a runed gate.
  8825 | D:8      | Noticed skk's ghost (novice TeGl)
  9175 | D:8      | Killed a two-headed ogre
  9175 | D:8      | Reached skill level 10 in Axes
  9453 | D:9      | Reached *** piety under the Shining One
  9503 | D:9      | Reached XP level 11. HP: 83/97 MP: 16/16
  9566 | D:9      | Noticed Joseph
  9585 | D:9      | Killed Joseph
 10590 | D:9      | Found a staircase to the Orcish Mines.
 10630 | D:10     | Entered Level 10 of the Dungeon
 10711 | D:10     | Reached skill level 11 in Axes
 10803 | D:10     | Reached **** piety under the Shining One
 11240 | D:11     | Found a runed gate.
 11240 | D:11     | Found Awad's Weapon Shoppe.
 11240 | D:11     | Found a runed gate.
 11240 | D:11     | Found a runed gate.
 11245 | D:11     | Noticed EnegeticOcto's ghost (journeyman MiBe)
 11250 | D:11     | Noticed a catoblepas
 11270 | D:11     | Reached skill level 10 in Fighting
 11337 | D:11     | Noticed a cyclops
 11360 | D:11     | Killed a cyclops
 11618 | D:11     | Got an ebony rapier
 11641 | D:11     | Noticed a soul eater
 11907 | D:11     | Found Lohipp's Assorted Antiques.
 11913 | D:11     | Bought a scroll labeled YXTYOMNUTED for 24 gold pieces
 11913 | D:11     | Bought an encrusted war axe for 204 gold pieces
 11913 | D:11     | Bought a green potion for 21 gold pieces
 11913 | D:11     | Identified the +3 war axe "Newt's Death" {protect, rN+} (You bought it in a shop on level 11 of the Dungeon)
 11960 | D:11     | Found Odocwaud's Antique Armour Shoppe.
 11966 | D:11     | Bought a pair of bloodstained gloves for 247 gold pieces
 11976 | D:11     | Identified the +0 pair of gloves of Doecw {MP+9 Str+2 Dex-3} (You bought it in a shop on level 11 of the Dungeon)
 12200 | D:11     | Noticed a tengu warrior
 12215 | D:11     | Killed a tengu warrior
 12585 | D:11     | Reached skill level 12 in Axes
 12585 | D:11     | Reached XP level 12. HP: 108/108 MP: 19/19
 12673 | D:11     | Reached skill level 10 in Invocations
 12757 | D:12     | Noticed Rupert
 12776 | D:12     | Killed Rupert
 12776 | D:12     | Reached skill level 10 in Armour
 12875 | D:12     | Noticed Azrael
 13279 | D:12     | Killed Azrael
 13541 | D:12     | Identified the cursed +0 rapier "Boikakea" {venom, -Tele Str+5 Dex+4} (You found it on level 11 of the Dungeon)
 13705 | D:12     | Reached ***** piety under the Shining One
 13738 | D:12     | Noticed a two-headed ogre
 13745 | D:12     | Killed a two-headed ogre
 13745 | D:12     | Reached skill level 13 in Axes
 13767 | D:12     | Noticed Frances
 13779 | D:12     | Killed Frances
 14346 | D:12     | Found a snail-covered altar of Cheibriados.
 14530 | D:13     | Reached XP level 13. HP: 118/118 MP: 21/21
 15650 | D:14     | Gained mutation: You have a pair of small horns on your head. [potion of mutation]
 15650 | D:14     | Gained mutation: You are weak. (Str -2) [potion of mutation]
 15650 | D:14     | Gained mutation: You are robust. (+10% HP) [potion of mutation]
 15658 | D:14     | Reached skill level 14 in Axes
 15726 | D:14     | Noticed a vault guard
 15732 | D:14     | Noticed a vault guard
 15738 | D:14     | Noticed a vault guard
 15742 | D:14     | Killed a vault guard
 15749 | D:14     | Killed a vault guard
 15757 | D:14     | Killed a vault guard
 15816 | D:14     | Noticed a vault guard
 15831 | D:14     | Killed a vault guard
 15955 | D:7      | Bought a scroll of remove curse for 72 gold pieces
 16038 | D:11     | Bought a pair of glowing boots for 195 gold pieces
 16531 | D:14     | Reached XP level 14. HP: 141/141 MP: 22/24
 16678 | D:14     | Reached skill level 15 in Axes
 16769 | D:14     | Found Deneboeh's Weapon Boutique.
 16864 | D:14     | Found Jogutoa's Antique Weapon Shoppe.
 17014 | D:14     | Found a runed gate.
 17015 | D:14     | Noticed Ijustatesigmund's ghost (journeyman DDFi)
 17015 | D:14     | Found a runed gate.
 17015 | D:14     | Noticed an orc warlord
 17016 | D:14     | Found a runed gate.
 17017 | D:14     | Found a roughly hewn altar of Beogh.
 17121 | D:14     | Found a gate to the Vaults.
 17296 | D:14     | Killed Ijustatesigmund's ghost
 17431 | D:14     | Got a scintillating platinum ring
 17433 | D:14     | Identified the ring "Etettusy" {+Inv +Fly MR- Int+5 Stlth+} (You found it on level 14 of the Dungeon)
 17471 | D:15     | Entered Level 15 of the Dungeon
 18589 | D:15     | Reached ****** piety under the Shining One
 18590 | D:15     | Identified a +9 battleaxe of holy wrath (a +8 battleaxe blessed by the Shining One)
 18590 | D:15     | Received a gift from the Shining One
 18674 | D:15     | Found a staircase to the Depths.
 19482 | Depths:1 | Entered Level 1 of the Depths
 19483 | Depths:1 | Noticed a spriggan defender
 19498 | Depths:1 | Reached skill level 16 in Axes
 19500 | Depths:1 | Killed a spriggan defender
 19500 | Depths:1 | Reached XP level 15. HP: 95/152 MP: 24/26
 19501 | Depths:1 | Noticed the Enchantress
 19672 | Depths:1 | Noticed a lich
 19673 | Depths:1 | Cast into level 3 of the Abyss (the Enchantress)
 19747 | Abyss:3  | Noticed a hellephant
 19753 | Abyss:3  | Killed a hellephant
 19778 | Abyss:3  | Reached skill level 15 in Invocations
 19907 | Abyss:3  | Noticed a bone dragon
 19923 | Abyss:3  | Killed a bone dragon
 19923 | Abyss:3  | Reached skill level 15 in Fighting
 20017 | Abyss:3  | Noticed a lich
 20020 | Abyss:3  | Killed a lich
 20032 | Abyss:3  | Noticed a tentacled starspawn
 20039 | Abyss:3  | Killed a tentacled starspawn
 20101 | Abyss:3  | Noticed an Executioner
 20105 | Abyss:3  | Killed an Executioner
 20148 | Abyss:3  | Noticed a tentacled starspawn
 20157 | Abyss:3  | Killed a tentacled starspawn
 20496 | Abyss:3  | Got a brightly glowing brass ring
 20498 | Abyss:3  | Identified the ring of Qazlal's Generosity {Dex+3 SInv} (You found it on level 3 of the Abyss)
 20580 | Abyss:3  | Noticed an Executioner
 20583 | Abyss:3  | Killed an Executioner
 20583 | Abyss:3  | Reached skill level 17 in Axes
 20620 | Abyss:3  | Noticed a tentacled starspawn
 20628 | Abyss:3  | Noticed a tentacled starspawn
 20632 | Abyss:3  | Killed a tentacled starspawn
 20639 | Abyss:3  | Killed a tentacled starspawn
 20639 | Abyss:3  | Reached XP level 16. HP: 45/166 MP: 17/28
 20779 | Abyss:3  | Noticed a bone dragon
 20781 | Abyss:3  | Noticed a tentacled starspawn
 20791 | Abyss:3  | Killed a tentacled starspawn
 20792 | Abyss:3  | Killed a bone dragon
 20867 | Abyss:3  | Noticed a tentacled monstrosity
 20874 | Abyss:3  | Killed a tentacled monstrosity
 20924 | Abyss:3  | Got a vibrating brass ring
 20926 | Abyss:3  | Identified the ring of the Hero {rF- MR++ Dex+4 SInv Stlth+} (You found it on level 3 of the Abyss)
 20933 | Abyss:3  | Noticed a lich
 20940 | Abyss:3  | Killed a lich
 21016 | Depths:1 | Escaped the Abyss
 21019 | Depths:1 | Found a one-way gate to the infinite horrors of the Abyss.
 21322 | Depths:1 | Voluntarily entered the Abyss.
 21355 | Abyss:1  | Noticed a tentacled starspawn
 21363 | Abyss:1  | Killed a tentacled starspawn
 21363 | Abyss:1  | Reached skill level 15 in Armour
 21379 | Abyss:1  | Noticed a tentacled starspawn
 21387 | Abyss:1  | Killed a tentacled starspawn
 21428 | Abyss:1  | Lost mutation: You have a pair of small horns on your head. [a neqoxec]
 21436 | Abyss:1  | Noticed a tentacled starspawn
 21440 | Abyss:1  | Killed a tentacled starspawn
 21440 | Abyss:1  | Reached skill level 18 in Axes
 21447 | Abyss:1  | Noticed a tentacled starspawn
 21458 | Abyss:1  | Killed a tentacled starspawn
 21534 | Abyss:1  | Noticed a tentacled starspawn
 21539 | Abyss:1  | Noticed a tentacled starspawn
 21543 | Abyss:1  | Killed a tentacled starspawn
 21544 | Abyss:1  | Noticed a tentacled starspawn
 21556 | Abyss:1  | Killed a tentacled starspawn
 21560 | Abyss:1  | Killed a tentacled starspawn
 21568 | Abyss:1  | Reached XP level 17. HP: 107/176 MP: 29/29
 21936 | Abyss:1  | Noticed a tentacled starspawn
 21944 | Abyss:1  | Killed a tentacled starspawn
 22093 | Abyss:1  | Found an ancient bone altar of Kikubaaqudgha.
 22492 | Abyss:1  | Noticed a bone dragon
 22520 | Abyss:1  | Killed a bone dragon
 23248 | Abyss:1  | Paralysed by accursed screaming for 1 turns
 23313 | Abyss:1  | Noticed a tentacled starspawn
 23319 | Abyss:1  | Killed a tentacled starspawn
 23331 | Abyss:1  | Reached skill level 19 in Axes
 23443 | Abyss:1  | Noticed a tentacled starspawn
 23451 | Abyss:1  | Killed a tentacled starspawn
 23517 | Abyss:1  | Noticed a Hell Sentinel
 23527 | Abyss:1  | HP: 1/178 [Hell Sentinel/damnation (30)]
 23528 | Abyss:1  | Killed from afar by a Hell Sentinel

Skill      XL: |  1  2  3  4  5  6  7  8  9 10 11 12 13 14 15 16 17 |
---------------+----------------------------------------------------+-----
Armour         | 1 2 3 4 5 6 7 9 10 12 13 14 15 16 | 16.1
Fighting       | 3 4 5 6 7 9 10 12 13 14 15 16 17 | 17.5
Dodging        | 3 4 5 6 7 8 |  8.2
Axes           | 5 6 7 9 10 12 13 14 16 17 18 19 | 19.0
Evocations     | 2 3 4 5 |  5.0
Invocations    | 2 5 7 9 11 13 14 16 17 18 | 18.1
Throwing       | |  1.7

Action                   |  1- 3 |  4- 6 |  7- 9 | 10-12 | 13-15 | 16-18 || total
-------------------------+-------+-------+-------+-------+-------+-------++-------
Melee: War axe           |    75 |    94 |       |   339 |       |       ||   508
       Battleaxe         |       |   196 |   237 |   261 |   616 |   535 ||  1845
       Headbutt          |       |       |       |       |   108 |    19 ||   127
       Scimitar          |       |       |       |       |     4 |       ||     4
Throw: Throwing net      |       |       |       |       |     1 |       ||     1
Invok: Divine Shield     |       |       |       |     4 |     8 |     3 ||    15
       Cleansing Flame   |       |       |       |     1 |    17 |    13 ||    31
       Summon Divine War |       |       |       |     1 |     7 |     7 ||    15
       Brand Weapon With |       |       |       |       |     1 |       ||     1
 Abil: Stop Flying       |       |       |       |       |     1 |     1 ||     2
       Evoke Flight      |       |       |       |       |     1 |       ||     1
Evoke: Wand              |       |       |    11 |     9 |     8 |       ||    28
  Use: Potion            |       |     4 |     3 |     7 |     4 |       ||    18
       Scroll            |       |     7 |     5 |    10 |     9 |     1 ||    32
  Eat: Chunk             |       |     7 |    10 |    17 |    11 |     8 ||    53
       Ration            |       |     1 |       |     3 |     6 |     1 ||    11
Armor: Ring mail         |    10 |       |       |       |       |       ||    10
       Leather armour    |     1 |       |       |       |       |       ||     1
       Plate armour      |    61 |   269 |   175 |   170 |       |       ||   675
       Skin              |       |     7 |       |       |       |       ||     7
       Chain mail        |       |       |       |   221 |   368 |   251 ||   840
Dodge: Dodged            |    33 |   104 |   117 |   307 |   281 |   190 ||  1032
Block: Other             |       |     1 |    62 |    67 |    58 |    44 ||   232
       Reflection        |       |       |     2 |     1 |       |       ||     3
